 Dungeon Crawl Stone Soup version 0.29-a0-838-g385bb11a5b (webtiles) character file.

Game seed: 16368744716622988365

42 jimonade the Shield-Bearer (level 3, -3/30 HPs)
             Began as a Formicid Fighter on July 14, 2022.
             Slain by a black bear (11 damage)
             ... on level 3 of the Dungeon.
             The game lasted 00:02:55 (2276 turns).

jimonade the Shield-Bearer (Formicid Fighter)       Turns: 2276, Time: 00:02:57

Health: -3/30      AC: 10    Str: 20    XL:     3   Next: 77%
Magic:  3/3        EV:  7    Int:  9    God:
Gold:   123        SH:  5    Dex: 13    Spells: 3/3 levels left

rFire   . . .      SeeInvis +   a - +0 long sword
rCold   . . .      Faith    .   c - +0 buckler
rNeg    . . .      Spirit   .   p - +0 chain mail
rPois   .          Reflect  .   (helmet unavailable)
rElec   .          Harm     .   (no cloak)
rCorr   .          Rampage  .   (no gloves)
Will    .....                   g - +0 pair of boots
Stlth   ..........              (no amulet)
HPRegen 0.10/turn               l - +4 ring of slaying
MPRegen 0.08/turn               (no ring)

@: no status effects
A: permanent stasis, dig shafts and tunnels, antennae 3, four strong arms
a: Dig, Shaft Self


You were on level 3 of the Dungeon.
You visited 1 branch of the dungeon, and saw 3 of its levels.

You collected 123 gold pieces.

Inventory:

Hand Weapons
 a - a +0 long sword (weapon)
 b - a +0 sling
Missiles
 o - 31 stones
Armour
 c - a +0 buckler (worn)
 f - a +0 scale mail
 g - a +0 pair of boots (worn)
 n - a +0 ring mail
 p - a +0 chain mail (worn)
Jewellery
 l - a +4 ring of slaying (left hand)
 q - a ring of ice
 t - a ring of poison resistance
 v - a +4 ring of slaying
Scrolls
 e - a scroll of silence {unknown}
 h - a scroll of noise {unknown}
 i - a scroll of teleportation {unknown}
 j - 5 scrolls of identify {unknown}
 m - a scroll of vulnerability {unknown}
 u - a scroll of fear {unknown}
 w - a scroll of brand weapon {unknown}
 y - a scroll of torment {unknown}
Potions
 d - a potion of might
 k - 2 potions of heal wounds {unknown}
 r - a potion of curing {unknown}
 s - a potion of haste {unknown}
 x - a potion of lignification {unknown}
 z - a potion of degeneration {unknown}


   Skills:
 * Level 3.7 Fighting
 + Level 2.4 Long Blades
 + Level 3.8 Armour
 + Level 4.4 Shields
 * Level 0.5 Spellcasting


You had 3 spell levels left.
You didn't know any spells.
Your spell library was empty.

Dungeon Overview and Level Annotations

Branches:
Dungeon (3/15)

Altars:


Innate Abilities, Weirdness & Mutations

You cannot be hasted, slowed, berserked, paralysed or teleported.
You can dig through walls and to a lower floor.
You have a pair of large antennae on your head. (SInv)
Your four strong arms can wield two-handed weapons with a shield.


Message History

Found 15 gold pieces.
You see here a stone.
o - 31 stones (gained 1)
You see here a ball python corpse.
Things that are here:
a hobgoblin corpse; a rat corpse You closely miss the black bear.
You block the black bear's attack. The black bear barely misses you.
You block the black bear's attack.
You slash the black bear!
The black bear is heavily wounded.
The black bear bites you but does no damage.
The black bear claws you but does no damage. x2
You barely miss the black bear.
The black bear is heavily wounded.
The black bear completely misses you.
The black bear claws you but does no damage.
The black bear barely misses you. The black bear bites you.
The black bear claws you.
The black bear claws you but does no damage.
You hit the black bear.
The black bear is severely wounded.
The black bear bites you but does no damage.
The black bear barely misses you.
The black bear claws you but does no damage.
You hit the black bear.
The black bear is severely wounded.
The black bear goes berserk!
You hit the black bear.
The black bear is almost dead.
The black bear bites you.
The black bear claws you but does no damage. x2
The black bear barely misses you. The black bear claws you. x2
You closely miss the black bear.
The black bear is almost dead.
The black bear bites you.
* * * LOW HITPOINT WARNING * * *
You block the black bear's attack.
The black bear claws you but does no damage.
The black bear bites you!
You die...

####.##.###.###
#.......#.....#
#.##....#.....#.
###.##.......>....
###.........#.$...#.
#.......†...#.h...#
#.#.#...†...###.###
#.#..##h#......... #
##. #@####.#..##.
#.##.##.# ....# #
#.....<.# .$..#
.........# ....#
.#.##.##.# ...# #.
#.# . #.# .# #.# ..
#.#


You could see a black bear (berserk).

Vanquished Creatures
  A dart slug (D:1)
  7 ball pythons
  4 bats
  3 endoplasms
  2 giant cockroaches
  2 goblins
  3 hobgoblins
  6 kobolds
  A quokka (D:1)
  3 frilled lizards
  8 rats
40 creatures vanquished.

Notes
Turn   | Place    | Note
-------+----------+-------------------------------------------
     0 | D:1      | jimonade the Formicid Fighter began the quest for the Orb.
     0 | D:1      | Reached XP level 1. HP: 18/18 MP: 1/1
   173 | D:1      | Reached XP level 2. HP: 19/24 MP: 2/2
   617 | D:1      | Reached XP level 3. HP: 29/29 MP: 3/3
  2237 | D:3      | Noticed a black bear
  2276 | D:3      | Slain by a black bear

Illustrated notes

Levels and vault maps discovered:
D:1:      elethiomel_arrival_shortcut, layout_basic, minmay_3d_cube
D:2:      layout_basic
D:3:      layout_loops_cross, st_stairs_3

Action                   || total
-------------------------++-------
Melee: Long sword        ||   113
Armor: Scale mail        ||    53
       Chain mail        ||    21
Dodge: Dodged            ||    38
Block: Buckler           ||    34

Table legend: (Time is in decaauts)
 A = Elapsed time spent in this place.
 B = Non-inter-level travel time spent in this place.
 C = Inter-level travel time spent in this place.
 D = Time resting spent in this place.
 E = Time spent auto-exploring this place.
 F = Levels seen in this place.
 G = Mean time per level.
                   A        B        C        D        E       F      G
               +--------+--------+--------+--------+--------+-----+--------+
         Total |   2310 |   2215 |     95 |      0 |   1815 |   3 |  770.0 |
       Dungeon |   2310 |   2215 |     95 |      0 |   1815 |   3 |  770.0 |
               +--------+--------+--------+--------+--------+-----+--------+

Top non-repeatable levels by time:
     D:1: 1414 daAuts
     D:2: 843 daAuts
     D:3: 52 daAuts
